 Dungeon Crawl Stone Soup version 0.17-a0-744-gaa96792 (webtiles) character file.

310 namelastname112 the Cudgeler (level 6, -2/53 HPs)
             Began as a Draconian Chaos Knight on Apr 21, 2015.
             Slain by an ogre
             ... wielding a +0 giant club
              (21 damage)
             ... on level 5 of the Dungeon.
             The game lasted 00:08:23 (4376 turns).

namelastname112 the Cudgeler (DrCK)                 Turns: 4376, Time: 00:08:24

Health: -2/53      AC:  8    Str: 14      XL:     6   Next: 17%
Magic:  6/6        EV: 12    Int: 13      God:    Xom [......]
Gold:   225        SH:  0    Dex: 10 (12) Spells: 0 memorised, 5 levels left

rFire  . . .     SeeInvis +     a - +0 mace (chaos)
rCold  . . .     Clarity  .     (armour unavailable)
rNeg   + . .     SustAb   .     (no shield)
rPois  .         Gourm    .     (helmet restricted)
rElec  .         Spirit   .     (no cloak)
rCorr  .         Warding  +     h - +0 pair of gloves
rMut   .         Stasis   .     c - +0 pair of boots
MR     .....                    y - amulet of warding
Stlth  ..........               (no ring)
                                x - ring of loudness (curse)

@: very slightly contaminated, not resistant to hostile enchantments, extremely
unstealthy
A: unfitting armour, see invisible, cold-blooded, AC +6
a: Renounce Religion


You were on level 5 of the Dungeon.
You worshipped Xom.
You were a very special plaything of Xom.
You were not hungry.

You visited 1 branch of the dungeon, and saw 5 of its levels.

You collected 225 gold pieces.

Inventory:

Hand weapons
 a - a +0 mace of chaos (weapon)
Armour
 c - a +0 pair of boots (worn)
 h - a +0 pair of gloves (worn)
Jewellery
 x - a cursed ring of loudness (left hand)
 y - an amulet of warding (around neck)
Magical devices
 C - a wand of polymorph (6)
Scrolls
 e - 2 scrolls of fog {unknown}
 f - a scroll of immolation {unknown}
 g - a scroll of amnesia {unknown}
 i - 2 scrolls of remove curse {unknown}
 j - 6 scrolls of identify {unknown}
 l - 2 scrolls of random uselessness {unknown}
 o - 2 scrolls of recharging {unknown}
 q - 2 scrolls of enchant weapon {unknown}
 r - a scroll of noise {unknown}
 s - 2 scrolls of magic mapping {unknown}
 t - 4 scrolls of teleportation {unknown}
Potions
 m - a potion of heal wounds
 p - a potion of curing
 A - a potion of agility
Comestibles
 b - 4 bread rations
 d - 3 slices of pizza
 k - 5 fruits
 w - 2 beef jerkies
 z - a meat ration
 B - a royal jelly


   Skills:
 + Level 4.6 Fighting
 * Level 5.5 Maces & Flails
 + Level 3.3 Dodging


You had 5 spell levels left.
You didn't know any spells.

Dungeon Overview and Level Annotations

Branches:
Dungeon (5/15)
 Temple: D:4-7

Altars:
Makhleb
Nemelex Xobeh
Okawaru
Vehumet
The Shining One

Annotations:
D:4 namelastname112's ghost, average DrCK


Innate Abilities, Weirdness & Mutations

Your plain brown scales are hard (AC +6).
Your body does not fit into most forms of armour.
You are cold-blooded and may be slowed by cold attacks.
You have supernaturally acute eyesight.


Message History

No target in view!
You now have 225 gold pieces (gained 16).
Key pressed, stopping explore.
You see here a ring mail.
An ogre comes into view. It is wielding a giant club.
The ogre shouts!
You see here a glowing bronze wand.
An ogre is nearby!
An ogre is nearby!
The ogre hits you with a giant club!!
A shower of butterflies erupts from you!
Found a scroll labeled JABEATZ BIOTZ.
You hit the ogre. You burn the ogre.
Your tail-slap misses the ogre.
The ogre is lightly wounded.
The ogre hits you with a giant club!
You barely miss the ogre.
The ogre is lightly wounded.
The ogre hits you with a giant club!!
You die...
Xom titters!

. .. ...# .. ...#
#.# ....# ..
..b.##.#
##.##...?.
....bb. #O#.# #
#.@b#.#
###..#.###
#...b....+
######.##/#.###
.........#[#.###
. #..........+
...
+.......(#.#...
#...........#...
#.......†.......#


You could see an ogre.

Vanquished Creatures
  A crimson imp (D:3)
  A quasit (D:3)
  A giant frog skeleton (D:4)
  An iguana (D:5)
  An orc wizard (D:3)
  A worker ant (D:4)
  7 adders
  A shadow imp (D:3)
  2 oozes (D:1)
  2 worms (D:3)
  A giant gecko (D:1)
  4 orcs
  A bat zombie (D:5)
  13 goblins
  12 hobgoblins
  7 kobolds
  A ball python (D:3)
  8 bats
  4 giant cockroaches
  3 giant newts
  10 jackals
  4 quokkas
  7 rats
93 creatures vanquished.

Vanquished Creatures (collateral kills)
  A giant gecko (D:2)
  A goblin (D:2)
  A hobgoblin (D:2)
  A jackal (D:2)
4 creatures vanquished.

Grand Total: 97 creatures vanquished

Notes
Turn   | Place    | Note
--------------------------------------------------------------
     0 | D:1      | namelastname112, the Draconian Chaos Knight, began the quest for the Orb.
     0 | D:1      | Reached XP level 1. HP: 19/19 MP: 1/1
   165 | D:1      | Reached XP level 2. HP: 9/26 MP: 2/2
   449 | D:1      | XOM: harmless Ice miscast
   465 | D:1      | XOM: divination: detect items
   894 | D:1      | Reached XP level 3. HP: 29/31 MP: 3/3
   999 | D:1      | XOM: harmless Necr miscast
  1235 | D:2      | Reached skill level 4 in Maces & Flails
  1262 | D:2      | XOM: divination: magic mapping
  1534 | D:2      | Found an iron altar of Okawaru.
  1551 | D:2      | Found a sparkling altar of Nemelex Xobeh.
  1571 | D:2      | XOM: silly message
  1824 | D:3      | Reached XP level 4. HP: 19/40 MP: 4/4
  2046 | D:3      | XOM: colour smoke trail
  2170 | D:3      | XOM: divination: detect creatures
  2177 | D:3      | XOM: noise
  2194 | D:3      | XOM: mild Air miscast
  2309 | D:3      | XOM: summons 2 hostile demons
  2686 | D:3      | Reached XP level 5. HP: 31/46 MP: 5/5
  2778 | D:3      | XOM: harmless Tloc miscast
  2963 | D:3      | XOM: draining
  3026 | D:3      | Found a radiant altar of Vehumet.
  3027 | D:3      | Found a burning altar of Makhleb.
  3394 | D:4      | Reached skill level 5 in Maces & Flails
  3468 | D:4      | Noticed namelastname112's ghost (average DrCK)
  3478 | D:4      | XOM: summons 2 hostile demons
  3517 | D:4      | Gained mutation: You have supernaturally acute eyesight. [potion of beneficial mutation]
  3518 | D:4      | XOM: 1-stop teleportation journey
  3613 | D:4      | XOM: harmless Chrm miscast
  3926 | D:4      | Found a glowing golden altar of the Shining One.
  3950 | D:4      | Reached XP level 6. HP: 49/53 MP: 6/6
  4106 | D:4      | XOM: medium Trmt miscast
  4214 | D:4      | XOM: enchant monster (bad)
  4263 | D:4      | XOM: mild Ice miscast
  4317 | D:5      | Entered Level 5 of the Dungeon
  4374 | D:5      | XOM: butterfly on damage
  4376 | D:5      | Slain by an ogre

Action                   |  1- 3 |  4- 6 || total
-------------------------+-------+-------++-------
Melee: Mace              |   154 |   216 ||   370
Evoke: Wand              |       |     1 ||     1
  Use: Potion            |       |     8 ||     8
 Stab: Paralysed         |     1 |    10 ||    11
       Invisible         |       |     2 ||     2
       Petrifying        |       |     2 ||     2
  Eat: Chunk             |     2 |     8 ||    10
       Fruit             |       |     2 ||     2
